 Dungeon Crawl Stone Soup version 0.29-a0-284-gf9362112df (webtiles) character file.

Game seed: 5447065450969185222

14144 spaghetti the Thaumaturge (level 11, -10/68 HPs)
             Began as a Demonspawn Earth Elementalist on Mar 21, 2022.
             Was a Priest of Sif Muna.
             Mangled by a very large slime creature (51 damage)
             ... on level 12 of the Dungeon.
             The game lasted 00:22:14 (10832 turns).

spaghetti the Thaumaturge (DsEE)                   Turns: 10832, Time: 00:22:15

Health: -10/68     AC: 22    Str:  8    XL:     11   Next: 84%
Magic:  0/35       EV: 11    Int: 21    God:    Sif Muna [***...]
Gold:   1197       SH:  0    Dex: 14    Spells: 19/33 levels left

rFire   . . .      SeeInvis .   U - +2 morningstar (flame) {mace}
rCold   . . .      Faith    .   (no shield)
rNeg    . . .      Spirit   +   y - +0 troll leather armour
rPois   .          Reflect  .   u - +1 helmet
rElec   .          Harm     .   G - +2 cloak
rCorr   .          Rampage  .   (no gloves)
Will    .....                   D - +0 pair of boots
Stlth   ++++......              t - amulet of magic regeneration {@e2}
HPRegen 1.01/turn               w - ring of magical power
MPRegen 0.88/turn               j - ring of wizardry

@: mighty, sanguine armoured
A: powered by pain 1, magic shield, magic regeneration, sanguine armour 3,
weakness stinger 2
a: Renounce Religion, Channel Magic, Forget Spell


You were on level 12 of the Dungeon.
You worshipped Sif Muna.
Sif Muna was most pleased with you.
You visited 2 branches of the dungeon, and saw 13 of its levels.

You collected 1267 gold pieces.
You spent 70 gold pieces at shops.


Innate Abilities, Weirdness & Mutations

You sometimes gain a little power by taking damage.
When hurt, damage is shared between your health and your magic reserves.
You regenerate magic rapidly.
When seriously injured, your blood forms very thick armour. (AC +12)
You have a tail ending in a sharp stinger.


   Skills:
 - Level 1.7 Dodging
 + Level 10.3 Stealth
 * Level 11.9 Spellcasting
 - Level 6.0 Conjurations
 - Level 0.8 Transmutations
 * Level 8.3 Earth Magic


You had 19 spell levels left.
You knew the following spells:

 Your Spells              Type           Power      Damage    Failure   Level
a - Passwall              Tmut/Erth      25%        N/A       1%          2
b - Stone Arrow           Conj/Erth      84%        3d12      1%          3
c - Petrify               Tmut/Erth      31%        N/A       4%          4
d - Lee's Rapid Deconstr  Erth           23%        3d14*     2%          5

Your spell library contained the following spells:

 Spells                   Type           Power      Damage    Failure   Level
 Sandblast                Erth           94%        2d19      1%          1
 Conjure Flame            Conj/Fire      25%        6-21      2%          3
 Wereblood                Tmut           16%        N/A       3%          2
 Sublimation of Blood     Necr           12%        N/A       4%          2
 Ignite Poison            Fire/Tmut/Pois 13%        N/A       9%          3
 Fulminant Prism          Conj/Hex       12%        3d9       9%          4
 Iskenderun's Mystic Bla  Conj/Tloc      25%        2d7       9%          4
 Sticky Flame             Conj/Fire      25%        2d5       9%          4
 Summon Guardian Golem    Hex/Summ       12%        N/A       10%         3
 Tukima's Dance           Hex            12%        N/A       10%         3
 Anguish                  Hex/Necr       6%         N/A       30%         4
 Orb of Destruction       Conj           18%        9d8       89%         7
 Spellforged Servitor     Conj/Summ      12%        N/A       99%         7
 Enfeeble                 Hex            6%         N/A       100%        7
 Summon Hydra             Summ           6%         N/A       100%        7

Inventory:

Hand Weapons
 P - a -2 demon whip {mace}
   (You bought it in a shop on level 5 of the Dungeon)
 U - a +2 morningstar of flaming (weapon) {mace}
   (You took it off Maggie on level 8 of the Dungeon)
Missiles
 a - 394 stones {throwing}
 e - 6 datura-tipped darts {throwing}
 i - 15 poisoned darts {throwing}
 v - a throwing net {=f!fthrowing}
 Q - 8 boomerangs {throwing}
Armour
 u - a +1 helmet (worn)
   (You found it on level 1 of the Dungeon)
 y - a +0 troll leather armour (worn)
   (You found it on level 11 of the Dungeon)
 D - a +0 pair of boots (worn)
   (You found it on level 4 of the Dungeon)
 G - a +2 cloak (worn)
   (You took it off Crazy Yiuf on level 4 of the Dungeon)
Magical Staves
 O - a staff of air {!astaff}
   (You found it on level 5 of the Dungeon)
Jewellery
 g - an amulet of the acrobat
   (You found it on level 2 of the Dungeon)
 j - a ring of wizardry (right hand)
   (You found it on level 8 of the Dungeon)
 k - a +6 ring of dexterity
   (You found it on level 10 of the Dungeon)
 p - a ring of resist corrosion
   (You found it on level 10 of the Dungeon)
 r - an amulet of reflection
   (You found it on level 11 of the Dungeon)
 t - an amulet of magic regeneration (around neck) {@e2}
   (You found it on level 1 of the Dungeon)
 w - a ring of magical power (left hand)
   (You found it on level 2 of the Dungeon)
 C - a ring of see invisible
   (You found it on level 3 of the Dungeon)
Wands
 J - a wand of paralysis (8)
   (You found it on level 5 of the Dungeon)
 K - a wand of flame (20)
   (You found it on level 5 of the Dungeon)
 L - a wand of acid (9)
   (You found it on level 5 of the Dungeon)
 M - a wand of charming (15)
   (You found it on level 5 of the Dungeon)
 N - a wand of iceblast (10)
   (You found it on level 5 of the Dungeon)
 R - a wand of mindburst (11)
   (You found it on level 8 of the Dungeon)
Scrolls
 c - a scroll of torment {!r}
 h - 3 scrolls of enchant armour
 o - 4 scrolls of identify {@r1}
 q - a scroll of immolation {!r!r}
 B - 5 scrolls of teleportation {@r4}
 H - a scroll of magic mapping {!r}
Potions
 d - 3 potions of degeneration {!q@e2}
 f - a potion of heal wounds {@q2}
 l - 2 potions of flight
 m - 2 potions of attraction {!q}
 n - 6 potions of curing {unknown}
 s - a potion of resistance {unknown}
 x - a potion of lignification {unknown}
 I - a potion of mutation {unknown}
 T - 2 potions of berserk rage {!q}
 W - a potion of brilliance {unknown}

Dungeon Overview and Level Annotations

Branches:
Dungeon (12/15)            Temple (1/1) D:5            Lair (0/6) D:11
    Orc (0/2) D:9

Altars:
Ashenzari
Cheibriados
Dithmenos
Elyvilon
Fedhas
Gozag
Hepliaklqana
Nemelex Xobeh
Okawaru
Qazlal
Ru
Sif Muna
Trog
Uskayaw
Vehumet
Wu Jian
Xom
Zin
The Shining One

Shops:
D:5 *

Annotations:
D:6 Eustachio

#....>.......#
#.##########.#
#.# #.# #.# #.#
#.# #.# #.# #.#
#.# #.# #.# #.#
#@# #J#
....o{†.......#
..o..{#########
...... o....
o.... .... ....


You could see a very large slime creature.


Message History

The stone arrow hits the orc wizard! 😕 HP[+1] MP[-2]
You lost 2 mp, and now have 19/35 mp.
Aiming: Stone Arrow (safe; 1% risk of failure)
Press: ? - help, Q - select action, (/) - cycle Shift-Dir - straight line, f/p - orc wizard
Aim: an orc wizard, wielding a +0 dagger and wearing a +0 robe (almost dead, 70% to hit)
The stone arrow hits the red ugly thing!!
A slime creature comes into view. 😎 HP[+1] MP[-2]
Your hp is fully restored (68).
You lost 2 mp, and now have 17/35 mp.
Aiming: Stone Arrow (safe; 1% risk of failure)
Press: ? - help, Q - select action, (/) - cycle Shift-Dir - straight line, f/p - orc wizard
Aim: an orc wizard, wielding a +0 dagger and wearing a +0 robe (almost dead, 70% to hit)
The stone arrow misses the red ugly thing.
The stone arrow hits the slime creature!
The red ugly thing trunk-slaps you!
You are engulfed in flames!
You focus on the pain.
You feel very mighty all of a sudden. 😮 HP[-20] MP[-5]
You take 20 damage, and now have 48/68 hp.
MASSIVE DAMAGE!! (PAUSE)
You lost 5 mp, and now have 12/35 mp.
Aiming: Stone Arrow (safe; 1% risk of failure)
Press: ? - help, Q - select action, (/) - cycle Shift-Dir - straight line, f/p - orc wizard
Aim: an orc wizard, wielding a +0 dagger and wearing a +0 robe (almost dead, 70% to hit)
The stone arrow hits the red ugly thing!!
The red ugly thing trunk-slaps you.
Your blood congeals into armour.
You are engulfed in flames!
* * * LOW HITPOINT WARNING * * *
A slime creature comes into view. 😨 HP[-18] MP[-6]
You take 18 damage, and now have 30/68 hp.
MASSIVE DAMAGE!! (PAUSE)
You lost 6 mp, and now have 6/35 mp.
Aiming: Stone Arrow (safe; 1% risk of failure)
Press: ? - help, Q - select action, (/) - cycle Shift-Dir - straight line, f/p - orc wizard
Aim: an orc wizard, wielding a +0 dagger and wearing a +0 robe (almost dead, 70% to hit)
The stone arrow hits the red ugly thing!
The slime creature quivers.
The red ugly thing trunk-slaps you but does no damage. 😨 HP[+1] MP[-2]
You lost 2 mp, and now have 4/35 mp.
Aiming: Stone Arrow (safe; 1% risk of failure)
Press: ? - help, Q - select action, (/) - cycle Shift-Dir - straight line, f/p - orc wizard
Aim: an orc wizard, wielding a +0 dagger and wearing a +0 robe (almost dead, 70% to hit)
The stone arrow hits the red ugly thing!
The red ugly thing trunk-slaps you but does no damage.
The orc wizard casts a spell.
The orc wizard flickers and vanishes!
Deactivating autopickup; reactivate with Ctrl-A.
An orc comes into view. It is wielding a +0 club.
An orc wizard comes into view. It is wielding a +0 dagger.
A slime creature comes into view. x2 😨 HP[+1] MP[-2]
You lost 2 mp, and now have 2/35 mp.
You don't have enough magic to cast this spell.
Unknown command.
Unknown command.
You closely miss the red ugly thing. The red ugly thing closely misses you.
Two slime creatures merge to form a large slime creature.
The red ugly thing completely misses you. 😨 HP[+2] MP[+2]
You regained 2 hp, and now have 34/68 hp.
You regained 2 mp, and now have 4/35 mp.
The slime creature quivers. x2
You sock the red ugly thing!
You kill the red ugly thing!
Sif Muna accepts your kill. 😮 HP[+1] MP[+1]
You sock the large slime creature! You burn the large slime creature.
Two slime creatures merge to form a large slime creature. 😮 HP[+2] MP[+1]
You regained 2 hp, and now have 37/68 hp.
You puncture the large slime creature! You burn the large slime creature!
You punch the large slime creature.
The orc wizard casts a spell.
The orc wizard flickers and vanishes!
An orc wizard comes into view. It is wielding a +0 dagger.
A large slime creature splits.
Two slime creatures merge to form a large slime creature.
An orc comes into view.
It is wielding a +0 hand axe. 😮 HP[+1] MP[+1]
A large slime creature splits. 😮 HP[+1] MP[+1]
Aiming: Stone Arrow (safe; 1% risk of failure)
Press: ? - help, Q - select action, (/) - cycle Shift-Dir - straight line, f - slime creature
Aim: a slime creature (heavily wounded, 95% to hit)
The stone arrow hits the slime creature!!
The slime creature hits you but does no damage.
Two slime creatures merge to form a large slime creature.
Two slime creatures merge to form a very large slime creature. 😮 HP[+1] MP[-2]
You lost 2 mp, and now have 6/35 mp.
Aiming: Stone Arrow (safe; 1% risk of failure)
Press: ? - help, Q - select action, (/) - cycle Shift-Dir - straight line, f/p - very large slime creature
Aim: a very large slime creature (moderately wounded, 95% to hit)
The stone arrow hits the very large slime creature!!
The very large slime creature hits you!!!
Ouch! That really hurt!
You die...

Skill      XL: |  1  2  3  4  5  6  7  8  9 10 11 |
---------------+----------------------------------+-----
Stealth        | 2 3 4 5 7 8 9 10 | 10.3
Earth Magic    | 3 4 5 6 8 |  8.3
Spellcasting   | 4 7 8 10 11 | 11.9
Conjurations   | 4 6 |  6.0
Dodging        | |  1.7
Transmutations | |  0.8

Action                   |  1- 3 |  4- 6 |  7- 9 | 10-12 || total
-------------------------+-------+-------+-------+-------++-------
Melee: Unarmed           |    11 |       |       |       ||    11
       Tailslap          |     1 |     4 |     3 |     6 ||    14
       Trident           |       |    29 |    29 |       ||    58
       Morningstar       |       |       |       |    17 ||    17
       Punch             |       |       |       |     1 ||     1
 Cast: Sandblast         |    28 |    65 |    25 |       ||   118
       Stone Arrow       |       |       |   113 |   211 ||   324
       Petrify           |       |       |       |     6 ||     6
       Passwall          |       |       |       |     1 ||     1
  Use: Scroll            |     4 |     4 |     3 |     3 ||    14
       Potion            |       |       |     3 |       ||     3
 Stab: Petrifying        |       |       |       |     1 ||     1
       Petrified         |       |       |       |     1 ||     1
Armor: Robe              |     3 |     9 |    21 |       ||    33
       Skin              |       |       |     2 |       ||     2
       Steam dragon scal |       |       |     1 |    62 ||    63
       Troll leather arm |       |       |       |    20 ||    20
Dodge: Dodged            |     5 |    25 |    34 |    95 ||   159

Levels and vault maps discovered:
D:1:      wander_arrival_fairy_ring, layout_loops_cross, serial_forest,
          infiniplex_forest_zigzag_2, infiniplex_forest_lined_2,
          infiniplex_forest_straight_4, infiniplex_forest_lined_room_3,
          infiniplex_forest_end_double, infiniplex_forest_lined_corner
D:2:      layout_loops_ring, kennysheep_generic_room_8
D:3:      layout_loops_ring, general_overflow_altar,
          mainiacjoe_overflow_cross_hatched, basic_ecumenical_altar
D:4:      layout_loops_corners, uniq_menkaure, uniq_crazy_yiuf_cottage
D:5:      layout_gridville, kennysheep_little_box, minmay_temple_entry_poolview,
          minmay_shop_damaged
D:6:      layout_loops_ring, lemuel_doored_altar, lightli_sewer_entry_pipes,
          serial_bayou_ford_a, pf_guarded_unrand_woodcutter, uniq_eustachio,
          uniq_blork_the_orc
D:7:      layout_basic, grunt_temple_overflow_opulence,
          nzn_hepliaklqana_mist_gate, mainiacjoe_overflow_surrounded_room
D:8:      layout_basic, xom_shifter_show, mainiacjoe_overflow_alcove_3,
          uniq_joseph, uniq_maggie
D:9:      layout_long_grid, orc_0_dummy
D:10:     layout_stronghold
D:11:     nzn_winding_woodlands_small [nzn_winding_woodlands_5x15_parted,
          nzn_winding_woodlands_center_triple_pond,
          nzn_winding_woodlands_5x15_garden], layout_loops_ring,
          minmay_lair_entry_grove
D:12:     layout_small_grid
Temple:   compressed_dpeg_triangle_lava_temple

Notes
Turn   | Place    | Note
-------+----------+-------------------------------------------
     0 | D:1      | spaghetti the Demonspawn Earth Elementalist began the quest
                  | for the Orb.
     0 | D:1      | Reached XP level 1. HP: 13/13 MP: 3/3
     0 | D:1      | magus.rc [v1.9.6]
   141 | D:1      | Reached skill level 2 in Stealth
   318 | D:1      | Gained mutation: You have a small tail. [demonic ancestry]
   318 | D:1      | Reached XP level 2. HP: 19/19 MP: 1/5
   501 | D:1      | Reached skill level 3 in Stealth
  1024 | D:2      | Noticed an ogre
  1030 | D:2      | Killed an ogre
  1031 | D:2      | Reached skill level 3 in Earth Magic
  1031 | D:2      | Gained mutation: You regenerate magic rapidly. [demonic
                  | ancestry]
  1031 | D:2      | Reached XP level 3. HP: 14/24 MP: 6/6
  1031 | D:2      | Gained mutation: You have a tail ending in a sharp stinger.
                  | [demonic ancestry]
  1031 | D:2      | Reached XP level 4. HP: 18/30 MP: 7/7
  1322 | D:2      | Reached skill level 4 in Stealth
  1478 | D:2      | You pick up a book of Blood and begin reading...
  1478 | D:2      | You add the spells Sublimation of Blood, Wereblood and
                  | Summon Hydra to your library.
  1705 | D:3      | Found a radiant altar of Vehumet.
  1778 | D:3      | Found an iron altar of Okawaru.
  1780 | D:3      | Gained mutation: When seriously injured, your blood forms
                  | armour. (AC +12) [demonic ancestry]
  1780 | D:3      | Reached XP level 5. HP: 35/35 MP: 8/8
  1804 | D:3      | Reached skill level 4 in Earth Magic
  1844 | D:3      | Found a faded altar of an unknown god.
  1851 | D:3      | Identified the +2 falchion of Sakiduh {freeze, rElec Int-4
                  | Dex+3}
  1945 | D:3      | Noticed a centaur
  1953 | D:3      | Killed a centaur
  1966 | D:3      | Identified a scroll of acquirement
  1966 | D:3      | Acquired 745 gold pieces
  2247 | D:3      | Learned a level 3 spell: Stone Arrow
  2283 | D:3      | Gained mutation: When seriously injured, your blood forms
                  | thick armour. (AC +12) [demonic ancestry]
  2283 | D:3      | Reached XP level 6. HP: 41/41 MP: 9/9
  2665 | D:4      | Reached skill level 5 in Earth Magic
  2946 | D:4      | Found a runed translucent door.
  2947 | D:4      | Noticed Crazy Yiuf
  3359 | D:4      | Noticed Menkaure
  3369 | D:4      | Killed Menkaure
  3370 | D:4      | Reached skill level 5 in Stealth
  3370 | D:4      | Reached XP level 7. HP: 34/46 MP: 11/11
  3543 | D:4      | Reached skill level 3 in Spellcasting
  3557 | D:4      | Identified the +3 leather armour of Notzuas {Harm Regen+
                  | Int-5 SInv}
  3763 | D:4      | Killed Crazy Yiuf
  3800 | D:5      | Entered Level 5 of the Dungeon
  3947 | D:5      | Reached skill level 6 in Earth Magic
  4119 | D:5      | Reached skill level 4 in Spellcasting
  4214 | D:5      | Found a bloodstained altar of Trog.
  4262 | D:5      | Found a staircase to the Ecumenical Temple.
  4271 | Temple   | Entered the Ecumenical Temple
  4308 | Temple   | Became a worshipper of Sif Muna the Loreminder
  4416 | D:5      | Gained mutation: When hurt, damage is shared between your
                  | health and your magic reserves. [demonic ancestry]
  4416 | D:5      | Reached XP level 8. HP: 38/52 MP: 15/15
  4551 | D:5      | You pick up a book of Geomancy and begin reading...
  4585 | D:5      | Found Efuat's Lightly-Used Armoury.
  4590 | D:5      | Bought a -2 demon whip for 70 gold pieces
  4701 | D:6      | Noticed Blork the orc
  4704 | D:6      | Killed Blork the orc
  4705 | D:6      | Noticed Eustachio
  4712 | D:6      | HP: 10/52 [Eustachio/+0 rapier (5)]
  4719 | D:6      | HP: 8/52 [orc priest/divine providence (3)]
  4721 | D:6      | Reached skill level 6 in Stealth
  4721 | D:6      | Reached skill level 5 in Spellcasting
  5457 | D:7      | Reached skill level 6 in Spellcasting
  5561 | D:7      | Reached skill level 7 in Stealth
  5563 | D:7      | Reached skill level 7 in Spellcasting
  5566 | D:7      | Gained mutation: You sometimes gain a little power by
                  | taking damage. [demonic ancestry]
  5566 | D:7      | Reached XP level 9. HP: 40/57 MP: 3/19
  5664 | D:7      | Found a sacrificial altar of Ru.
  5828 | D:7      | Found a hazy altar of Hepliaklqana.
  5894 | D:7      | You add the spells Conjure Flame, Ignite Poison and Sticky
                  | Flame to your library.
  5900 | D:7      | Found a sparkling altar of Nemelex Xobeh.
  5900 | D:7      | Found an opulent altar of Gozag.
  5973 | D:8      | You pick up a book of Maledictions and begin reading...
  5973 | D:8      | You add the spells Tukima's Dance, Anguish and Enfeeble to
                  | your library.
  6089 | D:8      | Found a shadowy altar of Dithmenos.
  6090 | D:8      | Found an ornate altar of the Wu Jian Council.
  6092 | D:8      | Found a blossoming altar of Fedhas.
  6115 | D:8      | Noticed Maggie
  6131 | D:8      | Killed Maggie
  6132 | D:8      | Reached skill level 1 in Conjurations
  6241 | D:8      | Reached skill level 2 in Conjurations
  6250 | D:8      | Reached * piety under Sif Muna
  6394 | D:8      | Noticed a cyclops
  6405 | D:8      | Killed a cyclops
  6406 | D:8      | Reached skill level 8 in Spellcasting
  6406 | D:8      | Reached skill level 3 in Conjurations
  6499 | D:8      | Found a shimmering altar of Xom.
  6500 | D:8      | Found a shimmering altar of Xom.
  6503 | D:8      | Found a shimmering altar of Xom.
  6503 | D:8      | Found a shimmering altar of Xom.
  6503 | D:8      | Noticed a rime drake
  6536 | D:8      | Identified the +2 leather armour of the Trombone {Rampage
                  | rPois rCorr Str-4}
  6574 | D:8      | Noticed Joseph
  6581 | D:8      | Killed Joseph
  6582 | D:8      | Reached skill level 4 in Conjurations
  6778 | D:8      | Reached skill level 8 in Stealth
  6934 | D:9      | Noticed a komodo dragon
  6938 | D:9      | Killed a komodo dragon
  6982 | D:9      | Gained mutation: When seriously injured, your blood forms
                  | very thick armour. (AC +12) [demonic ancestry]
  6982 | D:9      | Reached XP level 10. HP: 63/63 MP: 22/22
  7030 | D:9      | Reached skill level 5 in Conjurations
  7210 | D:9      | Reached skill level 9 in Spellcasting
  7214 | D:9      | Reached ** piety under Sif Muna
  7257 | D:9      | Found a staircase to the Orcish Mines.
  7469 | D:9      | Reached skill level 6 in Conjurations
  7692 | D:10     | Entered Level 10 of the Dungeon
  8115 | D:10     | Noticed a gargoyle
  8123 | D:10     | Learned a level 2 spell: Passwall
  8128 | D:10     | Killed a gargoyle
  8129 | D:10     | Reached skill level 9 in Stealth
  8129 | D:10     | Reached skill level 10 in Spellcasting
  9059 | D:11     | Noticed a manticore
  9061 | D:11     | You pick up a book of Blasting and begin reading...
  9061 | D:11     | You add the spells Fulminant Prism, Iskenderun's Mystic
                  | Blast and Lee's Rapid Deconstruction to your library.
  9068 | D:11     | Killed a manticore
  9074 | D:11     | Learned a level 4 spell: Petrify
  9080 | D:11     | Learned a level 5 spell: Lee's Rapid Deconstruction
  9249 | D:10     | Reached XP level 11. HP: 68/68 MP: 25/25
  9596 | D:11     | Found a staircase to the Lair.
  9790 | D:11     | Reached skill level 11 in Spellcasting
  9876 | D:11     | Noticed a four-headed hydra
  9882 | D:11     | Killed a four-headed hydra
  9986 | D:11     | Reached skill level 7 in Earth Magic
 10032 | D:11     | Reached *** piety under Sif Muna
 10075 | D:11     | Noticed a white ugly thing
 10080 | D:11     | Killed a white ugly thing
 10081 | D:11     | Reached skill level 10 in Stealth
 10523 | D:12     | You pick up a book of Dangerous Friends and begin
                  | reading...
 10523 | D:12     | You add the spells Summon Guardian Golem, Orb of
                  | Destruction and Spellforged Servitor to your library.
 10569 | D:12     | Noticed a boulder beetle
 10583 | D:12     | Killed a boulder beetle
 10584 | D:12     | Reached skill level 8 in Earth Magic
 10813 | D:12     | Noticed a purple ugly thing
 10814 | D:12     | Noticed a red ugly thing
 10819 | D:12     | Killed a purple ugly thing
 10827 | D:12     | Killed a red ugly thing
 10832 | D:12     | Mangled by a very large slime creature

Vanquished Creatures
  A hydra (D:11)
  A boulder beetle (D:12)
  3 ugly things
  2 cyclopes
  A manticore (D:11)
  Joseph (D:8)
  3 gargoyles
  Maggie (D:8)
  A kobold demonologist (D:11)
  3 komodo dragons
  A meliai (shapeshifter) (D:11)
  4 trolls
  A vampire (D:9)
  12 yaks
  A shadow (D:10)
  5 wyverns
  3 wraiths
  A basilisk (D:11)
  A steam dragon (D:9)
  An acid dragon (D:10)
  Menkaure (D:4)
  2 water moccasins
  6 black bears
  2 orc warriors
  An ice beast (D:4)
  2 wolves (D:10)
  An ogre (D:2)
  4 centaurs
  2 phantoms
  Blork the orc (D:6)
  A gnoll sergeant (D:6)
  A kobold brigand (D:9)
  2 necrophages
  3 bullfrogs
  3 scorpions
  3 wights (D:8)
  A killer bee (D:11)
  3 howler monkeys (D:9)
  2 hounds
  4 orc priests
  Crazy Yiuf (D:4)
  4 iguanas
  2 gnoll shamans
  8 orc wizards
  12 gnolls
  3 adders
  3 ufetubi
  2 worms
  4 dart slugs
  26 orcs
  11 endoplasms
  A giant cockroach (D:4)
  3 goblins
  5 hobgoblins
  4 jackals (D:4)
  7 kobolds
  2 quokkas
  4 ball pythons
  2 bats (D:1)
  2 frilled lizards (D:2)
  4 rats
202 creatures vanquished.

Vanquished Creatures (others)
  An orc (D:6)
  5 fungi (D:11)
  13 plants
19 creatures vanquished.

Grand Total: 221 creatures vanquished

Table legend:
 A = Non-vault XP
 B = Vault XP
 C = Vault XP percentage of total XP
 D = Non-vault monster count
 E = Vault monster count
 F = Vault count percentage of total count
                 A         B        C        D         E       F
            +---------+---------+-------+---------+---------+-------
      Total |   14967 |    5239 |  25.9 |     175 |      27 |  13.4
            +---------+---------+-------+---------+---------+-------
        D:1 |      33 |       0 |   0.0 |      17 |       0 |   0.0
        D:2 |     145 |       2 |   1.4 |      11 |       1 |   8.3
        D:3 |     207 |       0 |   0.0 |      19 |       0 |   0.0
        D:4 |     336 |     205 |  37.9 |      17 |       2 |  10.5
        D:5 |     569 |       0 |   0.0 |      11 |       0 |   0.0
        D:6 |      35 |     185 |  84.1 |       1 |       2 |  66.7
        D:7 |    1385 |       0 |   0.0 |      17 |       0 |   0.0
        D:8 |     945 |     830 |  46.8 |      16 |       2 |  11.1
        D:9 |    2976 |       0 |   0.0 |      29 |       0 |   0.0
       D:10 |    2343 |     907 |  27.9 |      20 |       6 |  23.1
       D:11 |    2417 |    3110 |  56.3 |       9 |      14 |  60.9
       D:12 |    3576 |       0 |   0.0 |       8 |       0 |   0.0
            +---------+---------+-------+---------+---------+-------

Illustrated notes

Table legend:
 A = Kills in this place as a percentage of kills in entire the game.
 B = Kills by you in this place as a percentage of kills by you in the entire game.
 C = Kills by friends in this place as a percentage of kills by friends in the entire game.
 D = Other kills in this place as a percentage of other kills in the entire game.
 E = Experience gained in this place as a percentage of experience gained in the entire game.
 F = Experience gained in this place divided by the number of levels of this place that you have seen.
                   A       B       C       D       E      F
               +-------+-------+-------+-------+-------+----------------------
         Total | 100.0 | 100.0 |   N/A |   N/A | 100.0 | 1554.3
       Dungeon | 100.0 | 100.0 |   N/A |   N/A | 100.0 | 1683.8
               +-------+-------+-------+-------+-------+----------------------

Table legend: (Time is in decaauts)
 A = Elapsed time spent in this place.
 B = Non-inter-level travel time spent in this place.
 C = Inter-level travel time spent in this place.
 D = Time resting spent in this place.
 E = Time spent auto-exploring this place.
 F = Levels seen in this place.
 G = Mean time per level.
                   A        B        C        D        E       F      G
               +--------+--------+--------+--------+--------+-----+--------+
         Total |  10865 |  10491 |    374 |   1591 |   7409 |  13 |  835.8 |
       Dungeon |  10809 |  10453 |    356 |   1591 |   7388 |  12 |  900.8 |
        Temple |     55 |     37 |     18 |      0 |     21 |   1 |   55.0 |
               +--------+--------+--------+--------+--------+-----+--------+

Top non-repeatable levels by time:
    D:10: 1738 daAuts
     D:4: 1202 daAuts
     D:5: 1202 daAuts
    D:11: 1054 daAuts
     D:3: 954 daAuts
     D:8: 918 daAuts
     D:1: 863 daAuts
     D:7: 829 daAuts
     D:9: 816 daAuts
     D:2: 786 daAuts
    D:12: 361 daAuts
     D:6: 81 daAuts
  Temple: 55 daAuts
